 Dungeon Crawl Stone Soup version 0.26-a0-28-gc929df5 (webtiles) character file.

Game seed: 3947009795806707606, levelgen mode: deterministic

665 thirtiethelement the Conjurer (level 7, -8/51 HPs)
             Began as a Gnoll Conjurer on May 28, 2020.
             Engulfed by a cloud of freezing vapour (18 damage)
             ... on level 5 of the Dungeon.
             The game lasted 00:12:36 (4399 turns).

thirtiethelement the Conjurer (Gnoll Conjurer)      Turns: 4399, Time: 00:12:36

Health: -8/51      AC:  8    Str: 10    XL:     7   Next: 57%
Magic:  15/15      EV: 15    Int: 20    God:
Gold:   5          SH:  0    Dex: 15    Spells: 7/17 levels left

rFire    + . .     SeeInvis .   b - +3 broad axe of the Thing {venom, rF+}
rCold    . . .     Gourm    .   (no shield)
rNeg     . . .     Faith    .   a - +0 robe
rPois    +         Spirit   .   s - +0 helmet
rElec    .         Reflect  .   k - +0 cloak
rCorr    .         Harm     .   (no gloves)
MR       +....                  (no boots)
Stlth    +++.......             (no amulet)
HPRegen  0.17/turn              p - ring of protection from magic
MPRegen  0.14/turn              l - +4 ring of protection

@: mighty
A: distributed training, fangs 1, talons 1, poison resistance, wild magic 1,
strong nose
a: no special abilities


You were on level 5 of the Dungeon.
You were not hungry.

You visited 2 branches of the dungeon, and saw 6 of its levels.

You collected 239 gold pieces.
You spent 234 gold pieces at shops.

Inventory:

Hand Weapons
 b - the +3 broad axe of the Thing (weapon) {venom, rF+}
   (You bought it in a shop on level 5 of the Dungeon)

   It poisons the flesh of those it strikes.
   It protects you from fire.
 g - a +1 dagger
 q - a +0 rapier
Armour
 a - a +0 robe (worn)
 k - a +0 cloak (worn)
 s - a +0 helmet (worn)
 u - +0 swamp dragon scales
Jewellery
 l - a +4 ring of protection (right hand)
 m - an uncursed ring of see invisible
 o - an uncursed ring of protection from cold
 p - a ring of protection from magic (left hand)
 t - an uncursed ring of positive energy
Scrolls
 d - 4 scrolls of remove curse
 f - 2 scrolls of teleportation
 i - a scroll of enchant armour
 n - a scroll of enchant weapon
Potions
 e - a potion of cancellation {unknown}
 h - 2 potions of mutation
 j - a potion of might
Comestibles
 c - 9 rations


   Skills:
 + Level 2.5 Fighting
 + Level 2.5 Short Blades
 + Level 2.5 Long Blades
 + Level 2.5 Axes
 + Level 2.5 Maces & Flails
 + Level 2.5 Polearms
 + Level 2.5 Staves
 + Level 2.5 Slings
 + Level 2.5 Bows
 + Level 2.5 Crossbows
 + Level 2.5 Throwing
 + Level 2.5 Armour
 + Level 5.2 Dodging
 + Level 4.9 Stealth
 + Level 2.5 Shields
 + Level 2.5 Unarmed Combat
 + Level 5.6 Spellcasting
 + Level 7.4 Conjurations
 + Level 2.0 Hexes
 + Level 2.0 Charms
 + Level 2.0 Summonings
 + Level 2.0 Necromancy
 + Level 2.0 Translocations
 + Level 2.0 Transmutations
 + Level 2.0 Fire Magic
 + Level 2.0 Ice Magic
 + Level 2.0 Air Magic
 + Level 2.0 Earth Magic
 + Level 2.0 Poison Magic
 + Level 2.8 Invocations
 + Level 2.5 Evocations


You had 7 spell levels left.
You knew the following spells:

 Your Spells              Type           Power        Failure   Level  Hunger
a - Magic Dart            Conj           ####         1%          1    None
b - Searing Ray           Conj           #####.       1%          2    None
c - Dazzling Flash        Conj/Hex       ####..       8%          3    ##.....
d - Iskenderun's Mystic   Conj/Tloc      ####....     22%         4    ####...

Your spell library contained the following spells:

 Spells                   Type           Power        Failure   Level  Hunger
 Fulminant Prism          Conj/Hex       ####......   22%         4    ####...


Dungeon Overview and Level Annotations

Branches:
Dungeon (5/15)             Temple (1/1) D:4

Altars:
Ashenzari
Cheibriados
Dithmenos
Elyvilon
Fedhas
Gozag
Hepliaklqana
Kikubaaqudgha
Makhleb
Nemelex Xobeh
Qazlal
Ru
Sif Muna
Trog
Uskayaw
Wu Jian
Xom
The Shining One

Shops:
D:5 (


Innate Abilities, Weirdness & Mutations

Your experience applies equally to all skills.
You have very sharp teeth.
Your uncanny sense of smell can sniff out nearby items.
You have sharp toenails.
Your system is resistant to poisons. (rPois)
Your spells are a little harder to cast, but a little more powerful.


Message History

There is an open door here.
Found a plate armour.
Found a scroll of identify.
Found 29 stones.
As you open the door, it creaks loudly!
Found 14 gold pieces.
Really walk into a travel-excluded area?
There is an open door here.
Really walk into a travel-excluded area?
You are engulfed in freezing vapours.
You are engulfed in freezing vapours.
It was a potion of mutation.
You feel extremely strange.
You feel resistant to poisons.
Your toenails lengthen and sharpen.
You feel less in control of your magic.
You are engulfed in freezing vapours.
* * * LOW HITPOINT WARNING * * *
It was a potion of might.
You feel very mighty all of a sudden.
You are engulfed in freezing vapours.
You die...

#.....##.#. #.....##+#.
##..........
#...........
#.###....... #.#
#.......
#############.###......#
#############'###.......
§§§§§○○@○○○○○..######'#.
################# #.#.
○○○○§§§§§§§$[$?## #.#.
################# #.#.
.......Z.......## #.#.
..###.......##..# #.#. .
..........##.# #.#.
........... .. #..#
O.."..)..#


You could see a leopard gecko skeleton.

Vanquished Creatures
  Eustachio (D:5)
  An ogre (D:5)
  A bullfrog (D:3)
  A scorpion (D:4)
  2 orc priests
  A hound (D:5)
  An orc wizard (D:3)
  A worker ant (D:4)
  Terence (D:2)
  An iguana (D:5)
  A howler monkey skeleton (D:4)
  5 adders
  2 worms (D:2)
  A dart slug (D:2)
  2 leopard geckos
  5 orcs
  2 giant cockroaches
  7 goblins
  9 hobgoblins
  2 jackals (D:1)
  6 kobolds (D:1)
  A ball python (D:3)
  5 bats
  6 frilled lizards
  A leopard gecko skeleton (D:4)
  3 rats
69 creatures vanquished.

Notes
Turn   | Place    | Note
-------+----------+-------------------------------------------
     0 | D:1      | thirtiethelement the Gnoll Conjurer began the quest for the
                  | Orb.
     0 | D:1      | Reached XP level 1. HP: 13/13 MP: 6/6
   143 | D:1      | Reached XP level 2. HP: 19/19 MP: 0/7
   853 | D:1      | Reached XP level 3. HP: 25/25 MP: 0/9
  1067 | D:2      | Found a blossoming altar of Fedhas.
  1068 | D:2      | Reached skill level 5 in Spellcasting
  1618 | D:2      | Reached skill level 1 in Invocations
  1662 | D:2      | Found a shadowy altar of Dithmenos.
  1687 | D:2      | Reached skill level 1 in Fighting
  1687 | D:2      | Reached skill level 1 in Short Blades
  1687 | D:2      | Reached skill level 1 in Long Blades
  1687 | D:2      | Reached skill level 1 in Axes
  1687 | D:2      | Reached skill level 1 in Maces & Flails
  1687 | D:2      | Reached skill level 1 in Polearms
  1687 | D:2      | Reached skill level 1 in Staves
  1687 | D:2      | Reached skill level 1 in Slings
  1687 | D:2      | Reached skill level 1 in Bows
  1687 | D:2      | Reached skill level 1 in Crossbows
  1687 | D:2      | Reached skill level 1 in Throwing
  1687 | D:2      | Reached skill level 1 in Armour
  1687 | D:2      | Reached skill level 1 in Shields
  1687 | D:2      | Reached skill level 1 in Unarmed Combat
  1687 | D:2      | Reached skill level 1 in Evocations
  1718 | D:2      | Learned a level 2 spell: Searing Ray
  1722 | D:2      | Learned a level 3 spell: Dazzling Flash
  1801 | D:2      | Reached XP level 4. HP: 32/32 MP: 9/11
  1984 | D:2      | Noticed Terence
  1988 | D:2      | Killed Terence
  2080 | D:3      | Reached skill level 1 in Hexes
  2080 | D:3      | Reached skill level 1 in Charms
  2080 | D:3      | Reached skill level 1 in Summonings
  2080 | D:3      | Reached skill level 1 in Necromancy
  2080 | D:3      | Reached skill level 1 in Translocations
  2080 | D:3      | Reached skill level 1 in Transmutations
  2080 | D:3      | Reached skill level 1 in Fire Magic
  2080 | D:3      | Reached skill level 1 in Ice Magic
  2080 | D:3      | Reached skill level 1 in Air Magic
  2080 | D:3      | Reached skill level 1 in Earth Magic
  2080 | D:3      | Reached skill level 1 in Poison Magic
  2298 | D:3      | Noticed a bullfrog
  2303 | D:3      | Killed a bullfrog
  2303 | D:3      | Reached XP level 5. HP: 37/37 MP: 6/12
  2865 | D:3      | Reached XP level 6. HP: 33/44 MP: 5/13
  3317 | D:4      | Learned a level 4 spell: Iskenderun's Mystic Blast
  3376 | D:4      | Reached skill level 5 in Dodging
  3551 | D:4      | Found a staircase to the Ecumenical Temple.
  3835 | Temple   | Entered the Ecumenical Temple
  4036 | D:5      | Entered Level 5 of the Dungeon
  4036 | D:5      | Noticed Eustachio
  4043 | D:5      | Killed Eustachio
  4043 | D:5      | Reached XP level 7. HP: 50/50 MP: 6/15
  4216 | D:5      | Found Ajomus's Antique Weapon Shop.
  4226 | D:5      | Bought a steaming broad axe for 234 gold pieces
  4226 | D:5      | Identified the +3 broad axe of the Thing {venom, rF+} (You
                  | bought it in a shop on level 5 of the Dungeon)
  4398 | D:5      | Gained mutation: Your system is resistant to poisons.
                  | (rPois) [potion of mutation]
  4398 | D:5      | Gained mutation: You have sharp toenails. [potion of
                  | mutation]
  4398 | D:5      | Gained mutation: Your spells are a little harder to cast,
                  | but a little more powerful. [potion of mutation]
  4399 | D:5      | Engulfed by a cloud of freezing vapour

Illustrated notes

Levels and vault maps discovered:
D:1:      ncdulo_lavacross, layout_loops_ring
D:2:      layout_basic, lemuel_crystal_altar, first_ration,
          grunt_dithmenos_smoke_and_mirrors, uniq_terence
D:3:      layout_basic, st_stairs_12
D:4:      layout_loops_ring, minmay_temple_entry_offerings
D:5:      lemuel_ice_spiral_2, layout_basic, okawaru_gym_becter, serial_shops,
          nicolae_shop_waterfront, cheibrodos_gnoll_hut, uniq_eustachio
Temple:   regret_index_temple_sphere_string

Skill      XL: |  1  2  3  4  5  6  7 |
---------------+----------------------+-----
Spellcasting   | 5 |  5.6
Invocations    | 1 2 |  2.8
Fighting       | 1 2 |  2.5
Short Blades   | 1 2 |  2.5
Long Blades    | 1 2 |  2.5
Axes           | 1 2 |  2.5
Maces & Flails | 1 2 |  2.5
Polearms       | 1 2 |  2.5
Staves         | 1 2 |  2.5
Slings         | 1 2 |  2.5
Bows           | 1 2 |  2.5
Crossbows      | 1 2 |  2.5
Throwing       | 1 2 |  2.5
Armour         | 1 2 |  2.5
Shields        | 1 2 |  2.5
Unarmed Combat | 1 2 |  2.5
Evocations     | 1 2 |  2.5
Hexes          | 1 2 |  2.0
Charms         | 1 2 |  2.0
Summonings     | 1 2 |  2.0
Necromancy     | 1 2 |  2.0
Translocations | 1 2 |  2.0
Transmutations | 1 2 |  2.0
Fire Magic     | 1 2 |  2.0
Ice Magic      | 1 2 |  2.0
Air Magic      | 1 2 |  2.0
Earth Magic    | 1 2 |  2.0
Poison Magic   | 1 2 |  2.0
Dodging        | 5 |  5.2
Stealth        | |  4.9
Conjurations   | |  7.4

Action                   |  1- 3 |  4- 6 |  7- 9 || total
-------------------------+-------+-------+-------++-------
Melee: Dagger            |     7 |     1 |       ||     8
       Bite              |     1 |       |       ||     1
 Cast: Magic Dart        |    67 |    65 |     6 ||   138
       Searing Ray       |       |     8 |     3 ||    11
  Use: Scroll            |     3 |     8 |     1 ||    12
       Potion            |       |       |     2 ||     2
  Eat: Chunk             |     3 |     6 |     1 ||    10
Armor: Robe              |       |     4 |       ||     4
Dodge: Dodged            |     6 |    14 |     2 ||    22

Table legend:
 A = Non-vault XP
 B = Vault XP
 C = Vault XP percentage of total XP
 D = Non-vault monster count
 E = Vault monster count
 F = Vault count percentage of total count
                 A         B        C        D         E       F
            +---------+---------+-------+---------+---------+-------
      Total |     701 |     249 |  26.2 |      66 |       3 |   4.3
            +---------+---------+-------+---------+---------+-------
        D:1 |      34 |       0 |   0.0 |      19 |       0 |   0.0
        D:2 |      50 |      36 |  41.9 |      17 |       1 |   5.6
        D:3 |     225 |       2 |   0.9 |      15 |       1 |   6.2
        D:4 |     195 |       0 |   0.0 |      11 |       0 |   0.0
        D:5 |     197 |     211 |  51.7 |       4 |       1 |  20.0
            +---------+---------+-------+---------+---------+-------
